 Dungeon Crawl Stone Soup version 0.30-a0-23-ge60ba3568b (webtiles) character file.

Game seed: 1361511994965028516

3 Pilot the Magician (level 1, -3/15 HPs)
             Began as a Djinni Hedge Wizard on Aug 24, 2022.
             Frozen to death by an endoplasm (7 damage)
             ... on level 1 of the Dungeon.
             The game lasted 00:02:11 (139 turns).

Pilot the Magician (Djinni Hedge Wizard)             Turns: 139, Time: 00:02:12

Health: -3/15      AC:  3    Str:  9    XL:     1   Next: 55%
Gold:   0          EV: 11    Int: 15    God:
                   SH:  0    Dex: 12

rFire   + + .      SeeInvis .    a - +0 dagger
rCold   x . .      Faith    .    (no shield)
rNeg    . . .      Spirit   .    d - +0 leather armour
rPois   ∞          Reflect  .    c - +0 hat
rElec   .          Harm     .    (no cloak)
rCorr   .          Rampage  .    (no gloves)
Will    .....                    (boots unavailable)
Stlth   ++........               (no amulet)
HPRegen 0.05/turn                (no ring)
MPRegen 0.00/turn                (no ring)

@: flying
A: sickness immunity, fire resistance 2, cold vulnerability 1, float, innate
caster, HP casting, extra vitality 1
a: no special abilities


You were on level 1 of the Dungeon.
You visited 1 branch of the dungeon, and saw 1 of its levels.

Inventory:

Hand Weapons
 a - a +0 dagger (weapon)
 f - a +0 falchion
Armour
 b - a +0 robe
 c - a +0 hat (worn)
 d - a +0 leather armour (worn)
Scrolls
 e - a scroll of fog {unknown}


   Skills:
 + Level 2.3 Dodging
 + Level 1.7 Stealth
 + Level 2.4 Spellcasting


You couldn't memorise any spells.
You knew the following spells:

 Your Spells              Type           Power      Damage    Failure   Level
a - Magic Dart            Conj           36%        1d4       11%         1
b - Blink                 Tloc           18%        N/A       16%         2
c - Call Imp              Summ           9%         N/A       16%         2
d - Slow                  Hex            36%        N/A       11%         1
e - Conjure Flame         Conj/Fire      9%         6-21      32%         3
f - Mephitic Cloud        Conj/Pois/Air  9%         N/A       32%         3
Your spell library was empty.

Dungeon Overview and Level Annotations

Branches:
Dungeon (1/15)

Altars:


Innate Abilities, Weirdness & Mutations

You are immune to sickness and miasma.
You are immune to poison.
Your flesh is very heat resistant. (rF++)
You are vulnerable to cold. (rC-)
You float through the air rather than walking.
You learn spells naturally, not from books.
Your magical power is your life essence.
You have superior vitality. (+4 MHP)


Message History

There is an open door here.
A bat comes into view.
The bat hits you. The bat barely misses you.
You hit the bat.
You kill the bat!
You reach down and open the door.
There is an open door here.
HP restored.
An endoplasm comes into view.
A dart slug comes into view.
The dart slug bites you but does no damage.
You hit the dart slug.
The dart slug is lightly wounded.
The endoplasm quivers.
You hit the dart slug.
The dart slug is moderately wounded.
The dart slug launches a dart at you. The slug dart hits you.
The endoplasm hits you but does no damage.
You hit the dart slug but do no damage.
The dart slug is moderately wounded.
The dart slug bites you but does no damage.
The endoplasm completely misses you.
You hit the dart slug.
The dart slug is heavily wounded.
The endoplasm freezes you.
You are frozen.
You feel a terrible chill!
You hit the dart slug.
The dart slug is almost dead.
The dart slug closely misses you. The endoplasm freezes you.
You are frozen.
You feel a terrible chill!
* * * LOW HITPOINT WARNING * * *
You hit the dart slug.
The dart slug is almost dead.
The dart slug bites you but does no damage.
The endoplasm freezes you.
You are frozen!
You feel a terrible chill!
You die...

#.# #...# ####'###.#.#
#.# #.....##.#.#.#.#
#.....##.#.#.#.#
#.....##.#.#.#.# #
#........#.#.#.#.#
#.....####.#.#.#.#####
#.....# #.#.w........
###.....####.#..@J......
........'....#.....#####
###.....#...##.........
####.........#.######
#.†....####.# #......#
#.# #......# #.#
#......# #.# #####.## ..


You could see a dart slug and an endoplasm.

Vanquished Creatures
  2 goblins (D:1)
  A bat (D:1)
3 creatures vanquished.

Notes
Turn   | Place    | Note
-------+----------+-------------------------------------------
     0 | D:1      | Pilot the Djinni Hedge Wizard began the quest for the Orb.
     0 | D:1      | Pilot set off with the following spells memorised: Magic
                  | Dart, Blink, Call Imp, Slow, Conjure Flame, Mephitic Cloud.
     0 | D:1      | Reached XP level 1. HP: 15/15 MP: 0/0
   139 | D:1      | Frozen to death by an endoplasm

Illustrated notes

Levels and vault maps discovered:
D:1:      nzn_arrival_depleted_hourglass, layout_basic

Action                   || total
-------------------------++-------
Melee: Dagger            ||    12
Armor: Leather armour    ||     5
Dodge: Dodged            ||     5

Table legend: (Time is in decaauts)
 A = Elapsed time spent in this place.
 B = Non-inter-level travel time spent in this place.
 C = Inter-level travel time spent in this place.
 D = Time resting spent in this place.
 E = Time spent auto-exploring this place.
 F = Levels seen in this place.
 G = Mean time per level.
                   A        B        C        D        E       F      G
               +--------+--------+--------+--------+--------+-----+--------+
         Total |    139 |     42 |     97 |      0 |      0 |   1 |  139.0 |
       Dungeon |    139 |     42 |     97 |      0 |      0 |   1 |  139.0 |
               +--------+--------+--------+--------+--------+-----+--------+

Top non-repeatable levels by time:
     D:1: 139 daAuts
